 Dungeon Crawl Stone Soup version 0.28.0-53-g5a82cb258f (webtiles) character file.

Game seed: 17693309267052346586

28 Descartes the Grasshopper (level 3, 0/35 HPs)
             Began as a Troll Warper on June 8, 2022.
             Slain by an adder (1 damage)
             ... on level 2 of the Dungeon.
             The game lasted 00:01:17 (819 turns).

Descartes the Grasshopper (Troll Warper)             Turns: 819, Time: 00:01:17

Health: 0/35       AC:  4    Str: 19    XL:     3   Next: 0%
Magic:  3/3        EV: 10    Int:  9    God:
Gold:   36         SH:  0    Dex: 11    Spells: 4/4 levels left

rFire   . . .      SeeInvis .   a - +0 mace
rCold   . . .      Faith    .   (no shield)
rNeg    . . .      Spirit   .   b - +0 robe
rPois   .          Reflect  .   (helmet restricted)
rElec   .          Harm     .   (no cloak)
rCorr   .          Rampage  .   (gloves unavailable)
Will    .....                   (boots unavailable)
Stlth   +.........              (no amulet)
HPRegen 0.91/turn               (no ring)
MPRegen 0.08/turn               (no ring)

@: lethally poisoned (0 -> -1)
A: large, unfitting armour, claws 3, regeneration 1, shaggy fur 1, tough skin 1
a: no special abilities


You were on level 2 of the Dungeon.
You visited 1 branch of the dungeon, and saw 2 of its levels.

You collected 36 gold pieces.

Inventory:

Hand Weapons
 a - a +0 mace (weapon)
Missiles
 d - 5 boomerangs of dispersal (quivered)
 i - 4 stones
Armour
 b - a +0 robe (worn)
Scrolls
 c - a scroll of blinking
 f - a scroll of enchant armour {unknown}
 g - a scroll of teleportation {unknown}
 j - 2 scrolls of identify {unknown}
Potions
 e - a potion of magic {unknown}
 h - a potion of heal wounds {unknown}


   Skills:
 + Level 2.1 Fighting
 + Level 2.3 Maces & Flails
 - Level 0.8 Throwing
 - Level 1.9 Dodging
 - Level 1.2 Spellcasting
 + Level 2.5 Translocations


You had 4 spell levels left.
You didn't know any spells.
Your spell library contained the following spells:

 Spells                   Type           Power      Damage    Failure   Level
 Blink                    Tloc           10%        N/A       21%         2
 Gell's Gravitas          Tloc           5%         N/A       36%         3
 Lesser Beckoning         Tloc           5%         N/A       36%         3
 Teleport Other           Tloc           5%         N/A       36%         3
 Manifold Assault         Tloc           5%         N/A       98%         5


Dungeon Overview and Level Annotations

Branches:
Dungeon (2/15)

Altars:


Innate Abilities, Weirdness & Mutations

You are too large for most types of armour.
You have claws for hands.
Your natural rate of healing is unusually fast.
You are covered in fur. (AC +1)
You have tough skin. (AC +1)


Message History

The adder is moderately wounded.
You feel sick. The adder bites you. The kobold misses you.
The adder bites you but does no damage.
You miss the adder.
The adder is moderately wounded.
You feel sick. The adder closely misses you.
The kobold hits you with a +2 dagger of venom.
You are more poisoned.
You hit the adder.
The adder is heavily wounded.
You feel very sick. The adder completely misses you.
The kobold hits you but does no damage. The adder bites you.
The kobold hits you with a +2 dagger of venom.
You are more poisoned.
You feel very sick. The adder barely misses you.
There is an open door here.
You feel very sick. The adder barely misses you.
You feel very sick.
You miss the adder.
The adder is heavily wounded.
You feel very sick. The adder bites you.
* * * LOW HITPOINT WARNING * * *
You are lethally poisoned!
The adder poisons you! The adder closely misses you.
* * * LOW HITPOINT WARNING * * *
You feel very sick.
* * * LOW HITPOINT WARNING * * *
You feel sick. The adder closely misses you.
* * * LOW HITPOINT WARNING * * *
You feel sick.
* * * LOW HITPOINT WARNING * * *
You feel sick.
Found 2 scrolls labelled MEGRUTS VYZU.
* * * LOW HITPOINT WARNING * * *
You feel sick. The adder bites you.
You die...

#.#.#..#.# #?# #.#.##.#.#
#.#######.#.##.#.#
#.#..........#....
#.#.#####.####..<# #.# #.#
#...# ...#### #.#. #.# #.#.#
#<....# #.#..####.# #.#.#
#.....# #@#.P.P.#.####.#.#
#.....# #S#..♣♣........#.#
.##.....# #.# #PP.PP.#####.#
........# #K# #.P♣♣P........
........###.#...PPP♣♣P.###..
........'...####.P..♣♣.###..
.........#### ###...♣♣..##..
=...........###.......♣.##..
[..#######...#..#.......##..


You could see an adder and a kobold.

Vanquished Creatures
  A worm (D:2)
  5 bats
  5 endoplasms (D:1)
  A giant cockroach (D:1)
  A goblin (D:2)
  2 hobgoblins
  A quokka (D:1)
  A frilled lizard (D:1)
  A kobold (D:1)
  6 rats
24 creatures vanquished.

Vanquished Creatures (others)
  6 plants (D:2)
6 creatures vanquished.

Grand Total: 30 creatures vanquished

Notes
Turn   | Place    | Note
-------+----------+-------------------------------------------
     0 | D:1      | Descartes the Troll Warper began the quest for the Orb.
     0 | D:1      | Reached XP level 1. HP: 19/19 MP: 1/1
   172 | D:1      | Reached XP level 2. HP: 28/28 MP: 2/2
   723 | D:2      | Reached XP level 3. HP: 35/35 MP: 3/3
   818 | D:2      | HP: 1/35 [poisoned by an adder]
   819 | D:2      | Slain by an adder

Illustrated notes

Levels and vault maps discovered:
D:1:      onia_arrival_handbag, layout_basic
D:2:      layout_basic, chequers_ecumenical_altar_simple, serial_forest,
          infiniplex_forest_clump_double, infiniplex_forest_lined_2,
          infiniplex_forest_clump_medium, infiniplex_forest_zigzag_1,
          infiniplex_forest_straight_3, infiniplex_forest_end_2,
          infiniplex_forest_lined_corner, infiniplex_forest_pool,
          infiniplex_forest_clump_diagonal, infiniplex_forest_end_2,
          uniq_jessica

Skill      XL: |  1  2 |
---------------+-------+-----
Maces & Flails | 2 |  2.3
Fighting       | 2 |  2.1
Throwing       | |  0.8
Dodging        | |  1.9
Spellcasting   | |  1.2
Translocations | |  2.5

Action                   || total
-------------------------++-------
Melee: Mace              ||    89
       Punch             ||     1
 Stab: Sleeping          ||     1
Armor: Robe              ||    34
Dodge: Dodged            ||    49
